 Dungeon Crawl Stone Soup version 0.24-a0-525-g9231cdcba1 (webtiles) character file.

Game seed: 12197516272473427689

506 BinkBink the Cudgeler (level 6, -1/57 HPs)
             Began as a Deep Dwarf Berserker on Aug 3, 2019.
             Was a Believer of Trog.
             Succumbed to Sigmund's poison
             ... on level 3 of the Dungeon.
             The game lasted 00:04:10 (1862 turns).

BinkBink the Cudgeler (Deep Dwarf Berserker)        Turns: 1862, Time: 00:04:11

Health: -1/57      AC:  4    Str: 23    XL:     6   Next: 97%
Magic:  6/6        EV: 13    Int:  7    God:    Trog [**....]
Gold:   106        SH:  0    Dex: 12    Spells: 5/5 levels left

rFire    . . .     SeeInvis .   a - +0 mace
rCold    . . .     Gourm    .   (no shield)
rNeg     . . .     Faith    .   j - +0 leather armour (curse)
rPois    .         Spirit   .   (no helmet)
rElec    .         Reflect  .   (no cloak)
rCorr    .         Harm     +   (no gloves)
MR       ++...                  i - +0 pair of boots
Stlth    ++........             e - amulet of harm
HPRegen  1.00/turn              (no ring)
MPRegen  0.10/turn              (no ring)

@: lethally poisoned (-1 -> -30), non-regenerating
A: damage resistance, heal wounds, sense surroundings 1, no regeneration
a: Heal Wounds, Berserk, Trog's Hand, Renounce Religion


You were on level 3 of the Dungeon.
You worshipped Trog.
Trog was pleased with you.
You were very hungry.

You visited 1 branch of the dungeon, and saw 3 of its levels.

You collected 106 gold pieces.

Inventory:

Hand Weapons
 a - a +0 mace (weapon)
Armour
 b - a +0 animal skin
 i - a +0 pair of boots (worn)
 j - a cursed +0 leather armour (worn)
Jewellery
 e - an amulet of harm (around neck)
 o - an uncursed ring of positive energy {unknown}
Scrolls
 f - 2 scrolls of teleportation {unknown}
 k - 2 scrolls of fog {unknown}
 p - a scroll of fear {unknown}
 q - a scroll of identify {unknown}
 s - a scroll of remove curse {unknown}
Potions
 d - 2 potions of brilliance {unknown}
 g - a potion of lignification {unknown}
 h - a potion of cancellation {unknown}
 l - 2 potions of curing
 m - a potion of invisibility {unknown}
 n - 2 potions of magic {unknown}
Comestibles
 c - 4 rations


   Skills:
 + Level 4.3 Fighting
 + Level 5.6 Maces & Flails
 + Level 3.2 Armour
 + Level 3.8 Dodging
 + Level 1.8 Stealth


You had 5 spell levels left.
You didn't know any spells.
Your spell library was empty.

Dungeon Overview and Level Annotations

Branches:
Dungeon (3/15)

Altars:
Cheibriados
Elyvilon
Yredelemnul
The Shining One

Annotations:
D:3 Sigmund


Innate Abilities, Weirdness & Mutations

You are resistant to damage.
You can heal yourself by infusing magical energy.
You passively map a small area around you.
You do not regenerate.


Message History

You hit something.
You feel sick.
You hit something but do no damage.
You feel sick. Something hits you!
You are more poisoned.
A goblin comes into view.
You miss something.
You feel very sick.
The goblin shouts!
Something hits you.
You are more poisoned.
You hit something but do no damage.
You feel very sick. Something hits you!
* * * LOW HITPOINT WARNING * * *
You are more poisoned.
You closely miss something.
You feel the effects of Trog's Hand fading.
* * * LOW HITPOINT WARNING * * *
You feel very sick.
You closely miss something.
You die...

#####.# * # ,
...#.#####.# * ,
** #.#..<... ,* *
#####......#*, , ,
........>..##.# ,
* #. #..<......#*
, , * *
.#.##.##.#...#####
,
.....g{..#.......#
* , ##@##.......#
, , ##.#.......#
#.........# * ,
#.#.......# *
#.##.......# ** ,
..# #.......# ###
######### * * **


You could see a goblin.

Vanquished Creatures
  Grinder (D:3)
  An ogre (D:2)
  Jessica (D:2)
  Natasha (thrice) (D:2)
  7 gnolls (D:2)
  3 adders (D:2)
  2 ball pythons
  2 giant cockroaches (D:1)
  8 goblins
  5 hobgoblins
  7 jackals
  A quokka (D:2)
  6 bats
  2 frilled lizards
  5 kobolds
  5 rats
59 creatures vanquished.

Notes
Turn   | Place    | Note
-------+----------+-------------------------------------------
     0 | D:1      | BinkBink the Deep Dwarf Berserker began the quest for the
                  | Orb.
     0 | D:1      | Reached XP level 1. HP: 20/20 MP: 1/1
   155 | D:1      | Reached XP level 2. HP: 18/28 MP: 2/2
   744 | D:2      | Found a basalt altar of Yredelemnul.
   763 | D:2      | Reached XP level 3. HP: 6/34 MP: 3/3
   822 | D:2      | Reached ** piety under Trog
   826 | D:2      | Found a glowing golden altar of the Shining One.
  1009 | D:2      | Reached skill level 1 in Stealth
  1015 | D:2      | Reached XP level 4. HP: 21/42 MP: 4/4
  1228 | D:2      | Noticed an ogre
  1238 | D:2      | Killed an ogre
  1238 | D:2      | Reached skill level 4 in Maces & Flails
  1238 | D:2      | Reached XP level 5. HP: 34/50 MP: 5/5
  1274 | D:2      | Found a white marble altar of Elyvilon.
  1296 | D:2      | Noticed Natasha
  1303 | D:2      | Killed Natasha
  1518 | D:2      | Noticed Natasha
  1585 | D:2      | Found a snail-covered altar of Cheibriados.
  1585 | D:2      | Noticed Jessica
  1632 | D:2      | Killed Jessica
  1632 | D:2      | Reached XP level 6. HP: 36/57 MP: 6/6
  1697 | D:2      | Killed Natasha
  1697 | D:2      | Reached skill level 5 in Maces & Flails
  1739 | D:2      | Noticed Natasha
  1746 | D:2      | Killed Natasha
  1812 | D:3      | Noticed Grinder
  1841 | D:3      | Killed Grinder
  1844 | D:3      | Noticed Sigmund
  1862 | D:3      | Succumbed to Sigmund's poison

Levels and vault maps discovered:
D:1:      dpeg_arrival_orchard, layout_loops_corners
D:2:      layout_loops_corners, old_standard_altar, lemuel_round_altar,
          elyvilon_altar_5, tso_metal_star, uniq_jessica, uniq_natasha
D:3:      layout_loops_cross, old_standard_altar, uniq_grinder, uniq_sigmund

Skill      XL: |  1  2  3  4  5  6 |
---------------+-------------------+-----
Fighting       | 3 4 |  4.3
Stealth        | 1 |  1.8
Maces & Flails | 4 5 |  5.6
Dodging        | 3 |  3.8
Armour         | 3 |  3.2

Action                   |  1- 3 |  4- 6 || total
-------------------------+-------+-------++-------
Melee: Mace              |   120 |   140 ||   260
Invok: Trog's Hand       |     1 |     6 ||     7
 Abil: Heal Wounds       |     2 |     4 ||     6
 Stab: Sleeping          |       |     1 ||     1
  Eat: Chunk             |       |     5 ||     5
Armor: Animal skin       |     2 |       ||     2
       Leather armour    |    49 |    39 ||    88
Dodge: Dodged            |   111 |   146 ||   257

Table legend:
 A = Non-vault XP
 B = Vault XP
 C = Vault XP percentage of total XP
 D = Non-vault monster count
 E = Vault monster count
 F = Vault count percentage of total count
                 A         B        C        D         E       F
            +---------+---------+-------+---------+---------+-------
      Total |     394 |     330 |  45.6 |      56 |       3 |   5.1
            +---------+---------+-------+---------+---------+-------
        D:1 |      32 |       0 |   0.0 |      20 |       0 |   0.0
        D:2 |     360 |      72 |  16.7 |      35 |       2 |   5.4
        D:3 |       2 |     258 |  99.2 |       1 |       1 |  50.0
            +---------+---------+-------+---------+---------+-------
